cohdb
Replays
Latest Replays
All Replays
Popular Replays
Top Player Replays
Match Explorer
How It Works
Community
CoH3 Stats
Reddit
Sign in to upload your games and track your stats! →
Sign in with Steam
Match 47114765
Unlisted
Match 47114765
Overview
Messages
Build Orders
End
Pioneer Squad
Construct Infanterie Kompanie
Selects Breakthrough Battlegroup
Selects Assault Grenadiers
Grenadier Squad
Grenadier Squad
Grenadier Squad
Infanterie Officer Quarters
Grenadier Squad
Selects Breakthrough
Breakthrough
GrW 34 Mortar Team
Construct Panzergrenadier Kompanie
Pak 40 Anti-tank Gun Team
Selects Mechanized Assault Group
Breakthrough
Mechanized Assault Group
Breakthrough
Medical Station
Selects Rapid Production
Construct Panzer Kompanie
Panzer IV Medium Tank
Selects Blitzkrieg
怎么绘世的猪莎公主
xizi20
Angrybirds
Cpt Darling
0
0
Comments
sign in to comment!
No comments posted yet!